BOSTON vs MONTREAL

Created - April 23, 2021 at 14:02

Goals
1 2 3 T
BOSTON 0 0 0 0
MONTREAL 0 2 0 2
Shots
1 2 3 T
BOSTON 9 2 7 18
MONTREAL 6 18 3 27

1st period

No Goal

Penalties :
Ivan Provorov (BOS) for Holding (Minor) at 3:30, Roope Hintz (MON) for High sticking (Minor) at 6:13, Nathan Beaulieu (MON) for Roughing (Minor) at 13:05

2nd period

1. MONTREAL , Tony DeAngelo 6 (Nathan MacKinnon 30, Erik Gustafsson 21) at 9:51
2. MONTREAL , Phillip Danault 11 (P.K. Subban 25, Keith Yandle 24) at 16:59 (PP)

Penalties :
Ivan Provorov (BOS) for Tripping (Minor) at 11:19, Blake Comeau (BOS) for Hooking (Minor) at 15:18

3rd period

No Goal

Penalties :
No Penalty

Goalie Stats

Thatcher Demko (BOS), 25 saves from 27 shots - (0.926), L, 14-15-2, 60:00 minutes
Robin Lehner (MON), 18 saves from 18 shots - (1.000), W, 25-20-4, 60:00 minutes

Players Stats for BOSTON

Player Name              G  A  P  +/- PIM S  H  SB GA TA FO     MP     PP MP  PK MP  
------------------------------------------------------------------------------------
Alec Martinez            0  0  0  -1  0   2  0  2  0  0  0/0    21:47   1:48   2:53 
Aleksi Saarela           0  0  0   0  0   0  0  0  0  0  0/0     0:00   0:00   0:00 
Alexandre Texier         0  0  0   0  0   0  1  0  0  0  2/5     4:38   0:00   0:00 
Andrew Mangiapane        0  0  0   0  0   1  1  0  0  0  2/2    16:23   0:00   0:47 
Blake Comeau             0  0  0  -1  2   3  1  0  0  0  1/2    17:24   2:06   0:00 
Casey Mittelstadt        0  0  0   0  0   2  0  0  0  0  5/18   15:36   0:00   0:00 
Filip Hronek             0  0  0  -1  0   0  2  0  0  0  0/0    21:03   1:48   2:53 
Ilya Kovalchuk           0  0  0  -1  0   2  0  0  0  0  1/1    19:21   2:06   1:56 
Ivan Barbashev           0  0  0  -1  0   1  1  0  0  0  9/15   17:25   2:06   0:00 
Ivan Provorov            0  0  0   0  4   2  3  0  0  0  0/0    23:24   2:10   0:42 
Juuso Valimaki           0  0  0   0  0   1  1  1  0  0  0/0    14:47   0:00   2:04 
Kevin Fiala              0  0  0   0  0   0  0  0  0  0  0/4    18:38   1:52   1:56 
Miles Wood               0  0  0   0  0   1  1  0  0  0  1/2    15:36   0:00   0:00 
Miro Heiskanen           0  0  0   0  0   0  1  0  0  0  0/0    25:23   2:03   2:46 
Nicolas Roy              0  0  0   0  0   1  0  0  0  0  0/0     1:05   0:00   0:00 
Philippe Myers           0  0  0   0  0   0  1  3  0  0  0/0    13:34   0:07   0:00 
Reilly Smith             0  0  0   0  0   2  2  0  0  0  4/11   23:17   1:52   3:02 
Victor Olofsson          0  0  0   0  0   0  0  0  0  0  0/0     4:44   0:00   0:06 
William Nylander         0  0  0   0  0   0  1  0  0  0  14/25  20:13   1:52   3:31 

Players Stats for MONTREAL

Player Name              G  A  P  +/- PIM S  H  SB GA TA FO     MP     PP MP  PK MP  
------------------------------------------------------------------------------------
Alex Iafallo             0  0  0   0  0   0  1  0  0  0  0/2    18:19   2:59   0:00 
Brock McGinn             0  0  0   0  0   0  0  0  0  0  0/0     0:34   0:00   0:00 
Erik Gustafsson          0  1  1   1  0   2  3  1  0  0  0/0    21:02   2:40   1:54 
Joel Armia               0  0  0   0  0   0  0  0  0  0  0/2     3:33   0:00   0:00 
Keith Yandle             0  1  1   0  0   1  1  0  0  0  0/0    24:32   2:59   2:04 
Mark Jankowski           0  0  0   0  0   2  0  0  0  0  8/14   14:15   0:00   0:00 
Max Pacioretty           0  0  0   1  0   1  2  0  0  0  3/3    22:12   2:40   2:17 
Nathan Beaulieu          0  0  0   0  2   0  4  0  0  0  0/0    14:25   0:00   0:00 
Nathan MacKinnon         0  1  1   1  0   4  1  0  0  0  16/33  25:18   2:40   2:24 
Nino Niederreiter        0  0  0   0  0   1  2  0  0  0  0/0    14:44   0:00   0:29 
P.K. Subban              0  1  1   0  0   3  0  3  0  0  0/0    24:32   2:59   2:04 
Phillip Danault          1  0  1   0  0   2  0  0  0  0  18/26  18:19   2:59   0:00 
Roope Hintz              0  0  0   0  2   2  0  0  0  0  1/2    14:14   0:00   0:00 
Tomas Tatar              0  0  0   0  0   4  2  0  0  0  0/1    19:42   2:59   1:23 
Tony DeAngelo            1  0  1   1  0   1  2  1  0  0  0/0    21:02   2:40   1:54 
Vincent Trocheck         0  0  0   1  0   2  1  0  0  0  0/2    21:18   2:40   1:23 
Wayne Simmonds           0  0  0   0  0   0  1  0  0  0  0/0     3:33   0:00   0:00 
Will Butcher             0  0  0   0  0   2  1  1  0  0  0/0    14:26   0:00   0:00 

3 Stars

1 - Robin Lehner (MON)
2 - Tony DeAngelo (MON)
3 - Erik Gustafsson (MON)

Power Play

BOSTON - 0 on 2 Attempt(s) - 0.00%
MONTREAL - 1 on 3 Attempt(s) - 33.33%

Penalty Kill

BOSTON - 2 on 3 Attempt(s) - 66.67% - Score 0 goal in Penalty Kill
MONTREAL - 2 on 2 Attempt(s) - 100.00% - Score 0 goal in Penalty Kill

Team Stat

BOSTON - Hits : 16 - Faceoff Wins : 39 - Blocked Shots : 6 - Penalty Minutes : 6
MONTREAL - Hits : 21 - Faceoff Wins : 46 - Blocked Shots : 6 - Penalty Minutes : 4

Official

Referees : Joe Bubanj and Shaun Davis
Linesman : Steven Berry and Kyle Newell

Game Notes

No Game Note

Finance

Level 1 -- Attendance: 4314 (71.90%) -- Ticket Income $431,400
Level 2 -- Attendance: 4146 (82.92%) -- Ticket Income $248,760
Level 3 -- Attendance: 1790 (89.50%) -- Ticket Income $62,650
Level 4 -- Attendance: 3513 (87.83%) -- Ticket Income $70,260
Luxury Box -- Attendance: 704 (70.40%) -- Ticket Income $140,800
Game was played at the Bell Centre.
Total Attendance: 14467 (80.37%)
Total Ticket Income: $953,870
Total Income: $953,870

BOSTON

5 vs 5 Forward 
   Center                   Left Wing                Right Wing               Time % Phy DF OF 
 1 William Nylander         Reilly Smith             Kevin Fiala              35     1   2  2  
 2 Ivan Barbashev           Ilya Kovalchuk           Blake Comeau             30     1   2  2  
 3 Casey Mittelstadt        Andrew Mangiapane        Miles Wood               25     1   2  2  
 4 Alexandre Texier         Victor Olofsson          Reilly Smith             10     1   2  2  

5 vs 5 Defense 
   Defense                  Defense                                           Time % Phy DF OF 
 1 Ivan Provorov            Miro Heiskanen                                    35     1   2  2  
 2 Alec Martinez            Filip Hronek                                      30     1   2  2  
 3 Philippe Myers           Juuso Valimaki                                    25     1   2  2  
 4 Ivan Provorov            Miro Heiskanen                                    10     1   2  2  

PowerPlay Forward 
   Center                   Left Wing                Right Wing               Time % Phy DF OF 
 1 William Nylander         Reilly Smith             Kevin Fiala              60     1   2  2  
 2 Ivan Barbashev           Ilya Kovalchuk           Blake Comeau             40     1   2  2  

PowerPlay Defense
   Defense                  Defense                                           Time % Phy DF OF 
 1 Ivan Provorov            Miro Heiskanen                                    60     1   2  2  
 2 Alec Martinez            Filip Hronek                                      40     1   2  2  

Penalty Kill 4 Players Forward 
   Center                   Wing                     Time % Phy DF OF 
 1 Reilly Smith             William Nylander         60     1   2  2  
 2 Kevin Fiala              Ilya Kovalchuk           40     1   2  2  

Penalty Kill 4 Players Defense
   Defense                  Defense                  Time % Phy DF OF 
 1 Ivan Provorov            Miro Heiskanen           60     1   2  2  
 2 Alec Martinez            Filip Hronek             40     1   2  2  

Penalty Kill - 3 Players Forward 
   Forward                                           Time % Phy DF OF 
 1 Reilly Smith                                      60     1   2  2  
 2 William Nylander                                  40     1   2  2  

Penalty Kill - 3 Players Defense
   Defense                  Defense                  Time % Phy DF OF 
 1 Ivan Provorov            Miro Heiskanen           60     1   2  2  
 2 Alec Martinez            Filip Hronek             40     1   2  2  

4 vs 4 Forward 
   Center                   Wing                     Time % Phy DF OF 
 1 Reilly Smith             William Nylander         60     1   2  2  
 2 Kevin Fiala              Ilya Kovalchuk           40     1   2  2  

4 vs 4 Defense
   Defense                  Defense                  Time % Phy DF OF 
 1 Ivan Provorov            Miro Heiskanen           60     1   2  2  
 2 Alec Martinez            Filip Hronek             40     1   2  2  

Last Minutes Offensive
   Center                   Left Wing                Right Wing               Defense                  Defense                  
   William Nylander         Reilly Smith             Kevin Fiala              Ivan Provorov            Miro Heiskanen           

Last Minutes Defensive
   Center                   Left Wing                Right Wing               Defense                  Defense                  
   William Nylander         Reilly Smith             Kevin Fiala              Ivan Provorov            Miro Heiskanen           

Goaltenders
Starting : Thatcher Demko           
Backup : Martin Jones             

Extra Forwards
Normal : Nicolas Roy, Aleksi Saarela, Andrew Mangiapane - PP : Nicolas Roy, Aleksi Saarela - PK : Andrew Mangiapane
Extra Defensemen
Normal : Philippe Myers, Juuso Valimaki, Alec Martinez - PP : Philippe Myers - PK : Juuso Valimaki, Alec Martinez
Penalty Shots
Reilly Smith, William Nylander, Kevin Fiala, Ilya Kovalchuk, Blake Comeau

Scratches
Filip Zadina (Healthy), BOS Cap Hit (Suspend), Robert Hagg (Healthy), Charlie Lindgren (Healthy)

MONTREAL

5 vs 5 Forward 
   Center                   Left Wing                Right Wing               Time % Phy DF OF 
 1 Nathan MacKinnon         Max Pacioretty           Vincent Trocheck         35     1   2  2  
 2 Phillip Danault          Tomas Tatar              Alex Iafallo             30     1   2  2  
 3 Mark Jankowski           Roope Hintz              Nino Niederreiter        25     1   2  2  
 4 Nathan MacKinnon         Wayne Simmonds           Joel Armia               10     1   2  2  

5 vs 5 Defense 
   Defense                  Defense                                           Time % Phy DF OF 
 1 Keith Yandle             P.K. Subban                                       35     1   2  2  
 2 Erik Gustafsson          Tony DeAngelo                                     30     1   2  2  
 3 Will Butcher             Nathan Beaulieu                                   25     1   2  2  
 4 Keith Yandle             P.K. Subban                                       10     1   2  2  

PowerPlay Forward 
   Center                   Left Wing                Right Wing               Time % Phy DF OF 
 1 Nathan MacKinnon         Max Pacioretty           Vincent Trocheck         60     1   2  2  
 2 Phillip Danault          Tomas Tatar              Alex Iafallo             40     1   2  2  

PowerPlay Defense
   Defense                  Defense                                           Time % Phy DF OF 
 1 Keith Yandle             P.K. Subban                                       60     1   2  2  
 2 Erik Gustafsson          Tony DeAngelo                                     40     1   2  2  

Penalty Kill 4 Players Forward 
   Center                   Wing                     Time % Phy DF OF 
 1 Nathan MacKinnon         Max Pacioretty           60     1   2  2  
 2 Vincent Trocheck         Tomas Tatar              40     1   2  2  

Penalty Kill 4 Players Defense
   Defense                  Defense                  Time % Phy DF OF 
 1 Keith Yandle             P.K. Subban              60     1   2  2  
 2 Erik Gustafsson          Tony DeAngelo            40     1   2  2  

Penalty Kill - 3 Players Forward 
   Forward                                           Time % Phy DF OF 
 1 Nathan MacKinnon                                  60     1   2  2  
 2 Max Pacioretty                                    40     1   2  2  

Penalty Kill - 3 Players Defense
   Defense                  Defense                  Time % Phy DF OF 
 1 Keith Yandle             P.K. Subban              60     1   2  2  
 2 Erik Gustafsson          Tony DeAngelo            40     1   2  2  

4 vs 4 Forward 
   Center                   Wing                     Time % Phy DF OF 
 1 Nathan MacKinnon         Max Pacioretty           60     1   2  2  
 2 Vincent Trocheck         Tomas Tatar              40     1   2  2  

4 vs 4 Defense
   Defense                  Defense                  Time % Phy DF OF 
 1 Keith Yandle             P.K. Subban              60     1   2  2  
 2 Erik Gustafsson          Tony DeAngelo            40     1   2  2  

Last Minutes Offensive
   Center                   Left Wing                Right Wing               Defense                  Defense                  
   Nathan MacKinnon         Max Pacioretty           Vincent Trocheck         Keith Yandle             P.K. Subban              

Last Minutes Defensive
   Center                   Left Wing                Right Wing               Defense                  Defense                  
   Nathan MacKinnon         Max Pacioretty           Vincent Trocheck         Keith Yandle             P.K. Subban              

Goaltenders
Starting : Robin Lehner             
Backup : Thomas Greiss            

Extra Forwards
Normal : Brock McGinn, Roope Hintz, Nino Niederreiter - PP : Brock McGinn, Roope Hintz - PK : Nino Niederreiter
Extra Defensemen
Normal : Will Butcher, Nathan Beaulieu, Erik Gustafsson - PP : Will Butcher - PK : Nathan Beaulieu, Erik Gustafsson
Penalty Shots
Nathan MacKinnon, Max Pacioretty, Vincent Trocheck, Tomas Tatar, Phillip Danault

Scratches
Connor Murphy (Healthy), MTL Cap Hit (Suspend)

% Time on Ice - BOSTON

Lines # - Real PCT - Wanted PCT - Time Play
Normal Forward
1 - 29% - 35% - 14:50
2 - 30% - 30% - 15:19
3 - 31% - 25% - 15:36
4 - 9% - 10% - 4:38
Normal Defense
1 - 35% - 35% - 17:29
2 - 32% - 30% - 16:22
3 - 27% - 25% - 13:27
4 - 6% - 10% - 3:05
PP Forward
1 - 47% - 60% - 1:52
2 - 53% - 40% - 2:06
PP Defense
1 - 55% - 60% - 2:10
2 - 45% - 40% - 1:48
PK Forward
1 - 66% - 60% - 3:43
2 - 34% - 40% - 1:56
PK Defense
1 - 49% - 60% - 2:46
2 - 51% - 40% - 2:53
PK3 Forward
1 - 0% - 60%
2 - 0% - 40%
PK3 Defense
1 - 0% - 60%
2 - 0% - 40%
44 Forward
1 - 0% - 60%
2 - 0% - 40%
44 Defense
1 - 0% - 60%
2 - 0% - 40%
Last Minute Offensive  - 0:00
Last Minute Defensive  - 0:00
Total
Forward - 60:00
Defense - 60:00

% Time on Ice - MONTREAL

Lines # - Real PCT - Wanted PCT - Time Play
Normal Forward
1 - 34% - 35% - 17:15
2 - 30% - 30% - 15:20
3 - 28% - 25% - 14:15
4 - 7% - 10% - 3:33
Normal Defense
1 - 33% - 35% - 16:48
2 - 33% - 30% - 16:28
3 - 29% - 25% - 14:26
4 - 5% - 10% - 2:41
PP Forward
1 - 47% - 60% - 2:40
2 - 53% - 40% - 2:59
PP Defense
1 - 53% - 60% - 2:59
2 - 47% - 40% - 2:40
PK Forward
1 - 65% - 60% - 2:35
2 - 35% - 40% - 1:23
PK Defense
1 - 52% - 60% - 2:04
2 - 48% - 40% - 1:54
PK3 Forward
1 - 0% - 60%
2 - 0% - 40%
PK3 Defense
1 - 0% - 60%
2 - 0% - 40%
44 Forward
1 - 0% - 60%
2 - 0% - 40%
44 Defense
1 - 0% - 60%
2 - 0% - 40%
Last Minute Offensive  - 0:00
Last Minute Defensive  - 0:00
Total
Forward - 60:00
Defense - 60:00

Play-by-Play

1st period


0:01 of 1st period - William Nylander wins face-off versus Nathan MacKinnon in neutral zone.
1:09 of 1st period - Icing by Alec Martinez.
1:10 of 1st period - Ivan Barbashev wins face-off versus Mark Jankowski in BOSTON zone.
1:45 of 1st period - Shot by Roope Hintz.
1:45 of 1st period - Stopped by Thatcher Demko without a rebound.
1:46 of 1st period - Casey Mittelstadt wins face-off versus Alex Iafallo in BOSTON zone.
2:08 of 1st period - Andrew Mangiapane is hit by Alex Iafallo and loses puck.
2:32 of 1st period - Icing by Erik Gustafsson.
2:33 of 1st period - Phillip Danault wins face-off versus Alexandre Texier in MONTREAL zone.
3:19 of 1st period - Keith Yandle is hit by Ivan Provorov and loses puck.
3:29 of 1st period - Icing by Miro Heiskanen.
3:30 of 1st period - Mark Jankowski wins face-off versus Alexandre Texier in BOSTON zone.
3:30 of 1st period - Minor Penalty to Ivan Provorov for Holding.
3:31 of 1st period - Andrew Mangiapane wins face-off versus Nathan MacKinnon in BOSTON zone.
4:01 of 1st period - Shot by Nathan MacKinnon.
4:01 of 1st period - Stopped by Thatcher Demko with a rebound.
4:36 of 1st period - Shot by Alex Iafallo.
4:36 of 1st period - Shot Misses the Net.
4:38 of 1st period - Shot by P.K. Subban.
4:38 of 1st period - Stopped by Thatcher Demko without a rebound.
4:39 of 1st period - Phillip Danault wins face-off versus Kevin Fiala in BOSTON zone.
4:39 of 1st period - P.K. Subban is hit by Filip Hronek and loses puck.
5:37 of 1st period - Icing by Philippe Myers.
5:38 of 1st period - Mark Jankowski wins face-off versus Casey Mittelstadt in BOSTON zone.
5:49 of 1st period - Shot by Roope Hintz.
5:49 of 1st period - Shot Blocked by Philippe Myers.
6:13 of 1st period - Minor Penalty to Roope Hintz for High sticking.
6:14 of 1st period - Nathan MacKinnon wins face-off versus Ivan Barbashev in MONTREAL zone.
6:37 of 1st period - Shot by Miro Heiskanen.
6:37 of 1st period - Shot Blocked by Tony DeAngelo.
6:39 of 1st period - Shot by Ivan Provorov.
6:39 of 1st period - Shot Misses the Net.
6:51 of 1st period - Max Pacioretty is hit by Ivan Barbashev and loses puck.
7:10 of 1st period - Shot by Filip Hronek.
7:10 of 1st period - Shot Blocked by P.K. Subban.
7:36 of 1st period - Filip Hronek is hit by Erik Gustafsson and loses puck.
7:55 of 1st period - Shot by Miro Heiskanen.
7:55 of 1st period - Shot Misses the Net.
7:57 of 1st period - Shot by Ivan Provorov.
7:57 of 1st period - Stopped by Robin Lehner with a rebound.
8:01 of 1st period - Shot by Ivan Barbashev.
8:01 of 1st period - Shot Misses the Net.
8:03 of 1st period - Shot by Ivan Provorov.
8:03 of 1st period - Shot Misses the Net.
8:05 of 1st period - Shot by Ivan Provorov.
8:05 of 1st period - Stopped by Robin Lehner without a rebound.
8:06 of 1st period - Max Pacioretty wins face-off versus William Nylander in MONTREAL zone.
8:20 of 1st period - Shot by Mark Jankowski.
8:20 of 1st period - Stopped by Thatcher Demko without a rebound.
8:21 of 1st period - Phillip Danault wins face-off versus Casey Mittelstadt in BOSTON zone.
8:58 of 1st period - Shot by Tomas Tatar.
8:58 of 1st period - Shot Blocked by Philippe Myers.
9:00 of 1st period - Shot by Will Butcher.
9:00 of 1st period - Shot Misses the Net.
9:07 of 1st period - Icing by Casey Mittelstadt.
9:08 of 1st period - Nathan MacKinnon wins face-off versus Casey Mittelstadt in BOSTON zone.
9:36 of 1st period - Shot by Vincent Trocheck.
9:36 of 1st period - Shot Hit the Post.
10:00 of 1st period - Shot by William Nylander.
10:00 of 1st period - Shot Misses the Net.
10:20 of 1st period - Shot by Ivan Barbashev.
10:20 of 1st period - Shot Misses the Net.
10:22 of 1st period - Shot by Alec Martinez.
10:22 of 1st period - Stopped by Robin Lehner with a rebound.
10:33 of 1st period - Ilya Kovalchuk is hit by Keith Yandle and loses puck.
11:53 of 1st period - Shot by Casey Mittelstadt.
11:53 of 1st period - Shot Misses the Net.
12:05 of 1st period - Shot by Casey Mittelstadt.
12:05 of 1st period - Shot Misses the Net.
12:20 of 1st period - Icing by Alec Martinez.
12:21 of 1st period - William Nylander wins face-off versus Mark Jankowski in BOSTON zone.
12:26 of 1st period - Shot by Kevin Fiala.
12:26 of 1st period - Shot Misses the Net.
12:28 of 1st period - Shot by Nicolas Roy.
12:28 of 1st period - Stopped by Robin Lehner without a rebound.
12:29 of 1st period - Mark Jankowski wins face-off versus Ivan Barbashev in MONTREAL zone.
12:43 of 1st period - Mark Jankowski is hit by Ivan Provorov and loses puck.
12:51 of 1st period - Icing by Blake Comeau.
12:52 of 1st period - Nathan MacKinnon wins face-off versus Ivan Barbashev in BOSTON zone.
12:58 of 1st period - Icing by Miro Heiskanen.
12:59 of 1st period - Ivan Barbashev wins face-off versus Nathan MacKinnon in BOSTON zone.
12:59 of 1st period - Ivan Barbashev is hit by Wayne Simmonds.
13:04 of 1st period - Ivan Provorov is hit by Nathan Beaulieu and loses puck.
13:05 of 1st period - Minor Penalty to Nathan Beaulieu for Roughing.
13:06 of 1st period - William Nylander wins face-off versus Nathan MacKinnon in MONTREAL zone.
13:09 of 1st period - Shot by Reilly Smith.
13:09 of 1st period - Stopped by Robin Lehner without a rebound.
13:10 of 1st period - William Nylander wins face-off versus Nathan MacKinnon in MONTREAL zone.
13:17 of 1st period - Shot by William Nylander.
13:17 of 1st period - Shot Misses the Net.
14:06 of 1st period - Shot by Alec Martinez.
14:06 of 1st period - Stopped by Robin Lehner without a rebound.
14:07 of 1st period - Blake Comeau wins face-off versus Nathan MacKinnon in MONTREAL zone.
14:18 of 1st period - Shot by Blake Comeau.
14:18 of 1st period - Stopped by Robin Lehner without a rebound.
14:19 of 1st period - Ilya Kovalchuk wins face-off versus Vincent Trocheck in MONTREAL zone.
14:20 of 1st period - Shot by Filip Hronek.
14:20 of 1st period - Shot Misses the Net.
14:22 of 1st period - Shot by Ivan Barbashev.
14:22 of 1st period - Stopped by Robin Lehner without a rebound.
14:23 of 1st period - Ivan Barbashev wins face-off versus Nathan MacKinnon in MONTREAL zone.
14:51 of 1st period - Shot by Vincent Trocheck.
14:51 of 1st period - Shot Blocked by Alec Martinez.
14:55 of 1st period - Shot by Tomas Tatar.
14:55 of 1st period - Shot Misses the Net.
14:57 of 1st period - Shot by Tony DeAngelo.
14:57 of 1st period - Shot Misses the Net.
14:59 of 1st period - Shot by Tomas Tatar.
14:59 of 1st period - Stopped by Thatcher Demko without a rebound.
15:00 of 1st period - William Nylander wins face-off versus Nathan MacKinnon in BOSTON zone.
15:00 of 1st period - William Nylander is hit by Max Pacioretty.
16:30 of 1st period - Icing by P.K. Subban.
16:31 of 1st period - Nathan MacKinnon wins face-off versus Ivan Barbashev in MONTREAL zone.
17:18 of 1st period - Icing by Keith Yandle.
17:19 of 1st period - Nathan MacKinnon wins face-off versus Casey Mittelstadt in MONTREAL zone.
17:27 of 1st period - Shot by Andrew Mangiapane.
17:27 of 1st period - Shot Misses the Net.
17:48 of 1st period - Off-side.
17:49 of 1st period - Phillip Danault wins face-off versus Reilly Smith in neutral zone.
17:58 of 1st period - Shot by Tomas Tatar.
17:58 of 1st period - Deflect By Alex Iafallo.
17:58 of 1st period - Shot Misses the Net.
18:00 of 1st period - Shot by Phillip Danault.
18:00 of 1st period - Shot Misses the Net.
18:02 of 1st period - Shot by Erik Gustafsson.
18:02 of 1st period - Stopped by Thatcher Demko without a rebound.
18:03 of 1st period - Ivan Barbashev wins face-off versus Mark Jankowski in BOSTON zone.
18:07 of 1st period - Ilya Kovalchuk is hit by Nathan Beaulieu and loses puck.
18:27 of 1st period - Ivan Barbashev is hit by Nathan Beaulieu and loses puck.
18:34 of 1st period - Shot by Ilya Kovalchuk.
18:34 of 1st period - Shot Misses the Net.
19:00 of 1st period - Off-side.
19:01 of 1st period - Phillip Danault wins face-off versus William Nylander in neutral zone.
19:18 of 1st period - Kevin Fiala is hit by Erik Gustafsson and loses puck.
19:22 of 1st period - Icing by Tony DeAngelo.
19:23 of 1st period - Phillip Danault wins face-off versus Casey Mittelstadt in MONTREAL zone.
19:27 of 1st period - Off-side.
19:28 of 1st period - Nathan MacKinnon wins face-off versus Casey Mittelstadt in neutral zone.
19:37 of 1st period - Shot by Vincent Trocheck.
19:37 of 1st period - Shot Misses the Net.
19:54 of 1st period - Shot by Andrew Mangiapane.
19:54 of 1st period - Shot Misses the Net.
19:56 of 1st period - Shot by Casey Mittelstadt.
19:56 of 1st period - Shot Blocked by P.K. Subban.
19:58 of 1st period - Shot by Miles Wood.
19:58 of 1st period - Stopped by Robin Lehner without a rebound.
19:59 of 1st period - William Nylander wins face-off versus Phillip Danault in MONTREAL zone.
Goals for this period are 0 for BOSTON vs 0 for MONTREAL.
Shots for this period are 9 for BOSTON vs 6 for MONTREAL.

2nd period


0:01 of 2nd period - William Nylander wins face-off versus Vincent Trocheck in neutral zone.
0:03 of 2nd period - Off-side.
0:04 of 2nd period - Nathan MacKinnon wins face-off versus William Nylander in neutral zone.
0:16 of 2nd period - Icing by Vincent Trocheck.
0:17 of 2nd period - Ivan Barbashev wins face-off versus Nathan MacKinnon in MONTREAL zone.
0:35 of 2nd period - Icing by Keith Yandle.
0:36 of 2nd period - William Nylander wins face-off versus Nathan MacKinnon in MONTREAL zone.
0:55 of 2nd period - Shot by Kevin Fiala.
0:55 of 2nd period - Shot Blocked by P.K. Subban.
0:57 of 2nd period - Shot by Alec Martinez.
0:57 of 2nd period - Shot Misses the Net.
0:59 of 2nd period - Shot by William Nylander.
0:59 of 2nd period - Deflect By Reilly Smith.
0:59 of 2nd period - Shot Misses the Net.
1:01 of 2nd period - Shot by Alec Martinez.
1:01 of 2nd period - Shot Misses the Net.
2:02 of 2nd period - Off-side.
2:03 of 2nd period - Mark Jankowski wins face-off versus Casey Mittelstadt in neutral zone.
2:03 of 2nd period - Mark Jankowski is hit by Miles Wood.
2:31 of 2nd period - Shot by Nino Niederreiter.
2:31 of 2nd period - Shot Misses the Net.
2:35 of 2nd period - Shot by Will Butcher.
2:35 of 2nd period - Stopped by Thatcher Demko with a rebound.
2:37 of 2nd period - Shot by Mark Jankowski.
2:37 of 2nd period - Stopped by Thatcher Demko without a rebound.
2:38 of 2nd period - Nathan MacKinnon wins face-off versus Reilly Smith in BOSTON zone.
2:41 of 2nd period - Shot by Max Pacioretty.
2:41 of 2nd period - Shot Misses the Net.
2:48 of 2nd period - Icing by Filip Hronek.
2:49 of 2nd period - Phillip Danault wins face-off versus Kevin Fiala in BOSTON zone.
3:23 of 2nd period - William Nylander is hit by Erik Gustafsson and loses puck.
3:50 of 2nd period - Ilya Kovalchuk is hit by Tony DeAngelo and loses puck.
3:57 of 2nd period - Miro Heiskanen is hit by Tomas Tatar and loses puck.
4:36 of 2nd period - Shot by Casey Mittelstadt.
4:36 of 2nd period - Shot Misses the Net.
4:40 of 2nd period - Shot by Andrew Mangiapane.
4:40 of 2nd period - Shot Misses the Net.
4:42 of 2nd period - Shot by Andrew Mangiapane.
4:42 of 2nd period - Shot Misses the Net.
6:11 of 2nd period - Shot by Miro Heiskanen.
6:11 of 2nd period - Shot Misses the Net.
7:19 of 2nd period - Off-side.
7:20 of 2nd period - William Nylander wins face-off versus Nathan MacKinnon in neutral zone.
7:41 of 2nd period - Shot by Max Pacioretty.
7:41 of 2nd period - Shot Blocked by Alec Martinez.
7:43 of 2nd period - Shot by Vincent Trocheck.
7:43 of 2nd period - Shot Misses the Net.
7:45 of 2nd period - Shot by Will Butcher.
7:45 of 2nd period - Stopped by Thatcher Demko without a rebound.
7:46 of 2nd period - Alexandre Texier wins face-off versus Roope Hintz in BOSTON zone.
7:59 of 2nd period - Shot by Roope Hintz.
7:59 of 2nd period - Deflect By Nino Niederreiter.
7:59 of 2nd period - Stopped by Thatcher Demko without a rebound.
8:00 of 2nd period - Casey Mittelstadt wins face-off versus Joel Armia in BOSTON zone.
8:26 of 2nd period - Shot by Casey Mittelstadt.
8:26 of 2nd period - Shot Misses the Net.
8:32 of 2nd period - Shot by Joel Armia.
8:32 of 2nd period - Deflect By Nathan MacKinnon.
8:32 of 2nd period - Stopped by Thatcher Demko without a rebound.
8:33 of 2nd period - Phillip Danault wins face-off versus William Nylander in BOSTON zone.
8:34 of 2nd period - Shot by Tomas Tatar.
8:34 of 2nd period - Shot Misses the Net.
8:37 of 2nd period - Icing by Ivan Provorov.
8:38 of 2nd period - William Nylander wins face-off versus Mark Jankowski in BOSTON zone.
9:12 of 2nd period - Icing by Reilly Smith.
9:13 of 2nd period - Nathan MacKinnon wins face-off versus William Nylander in BOSTON zone.
9:40 of 2nd period - Alec Martinez is hit by Vincent Trocheck and loses puck.
9:51 of 2nd period - Shot by Tony DeAngelo.
9:51 of 2nd period - Goal by Tony DeAngelo - BOSTON : 0 - MONTREAL : 1.
9:52 of 2nd period - Casey Mittelstadt wins face-off versus Phillip Danault in neutral zone.
10:41 of 2nd period - Off-side.
10:42 of 2nd period - Nathan MacKinnon wins face-off versus Ivan Barbashev in neutral zone.
10:42 of 2nd period - Nathan MacKinnon is hit by Blake Comeau.
11:19 of 2nd period - Shot by Max Pacioretty.
11:19 of 2nd period - Stopped by Thatcher Demko without a rebound.
11:19 of 2nd period - Minor Penalty to Ivan Provorov for Tripping.
11:20 of 2nd period - Reilly Smith wins face-off versus Phillip Danault in BOSTON zone.
11:28 of 2nd period - Icing by Keith Yandle.
11:29 of 2nd period - Phillip Danault wins face-off versus Reilly Smith in MONTREAL zone.
11:56 of 2nd period - Shot by P.K. Subban.
11:56 of 2nd period - Shot Misses the Net.
11:58 of 2nd period - Shot by Phillip Danault.
11:58 of 2nd period - Stopped by Thatcher Demko without a rebound.
11:59 of 2nd period - Reilly Smith wins face-off versus Nathan MacKinnon in BOSTON zone.
12:29 of 2nd period - Off-side.
12:30 of 2nd period - Phillip Danault wins face-off versus Reilly Smith in neutral zone.
13:14 of 2nd period - Shot by Ilya Kovalchuk.
13:14 of 2nd period - Stopped by Robin Lehner without a rebound.
13:15 of 2nd period - Nathan MacKinnon wins face-off versus Reilly Smith in MONTREAL zone.
13:40 of 2nd period - Icing by Alec Martinez.
13:41 of 2nd period - Casey Mittelstadt wins face-off versus Nathan MacKinnon in BOSTON zone.
14:13 of 2nd period - Icing by Erik Gustafsson.
14:14 of 2nd period - Nathan MacKinnon wins face-off versus William Nylander in MONTREAL zone.
14:14 of 2nd period - Nathan MacKinnon is hit by Reilly Smith.
14:39 of 2nd period - Icing by Ivan Provorov.
14:40 of 2nd period - Phillip Danault wins face-off versus William Nylander in BOSTON zone.
15:18 of 2nd period - Minor Penalty to Blake Comeau for Hooking.
15:19 of 2nd period - Andrew Mangiapane wins face-off versus Nathan MacKinnon in BOSTON zone.
15:39 of 2nd period - Shot by Nathan MacKinnon.
15:39 of 2nd period - Stopped by Thatcher Demko without a rebound.
15:40 of 2nd period - Phillip Danault wins face-off versus Reilly Smith in BOSTON zone.
15:54 of 2nd period - Shot by Tomas Tatar.
15:54 of 2nd period - Stopped by Thatcher Demko without a rebound.
15:55 of 2nd period - Nathan MacKinnon wins face-off versus Kevin Fiala in BOSTON zone.
16:09 of 2nd period - Icing by Erik Gustafsson.
16:10 of 2nd period - Reilly Smith wins face-off versus Nathan MacKinnon in MONTREAL zone.
16:32 of 2nd period - Off-side.
16:33 of 2nd period - Phillip Danault wins face-off versus Reilly Smith in neutral zone.
16:38 of 2nd period - Shot by Keith Yandle.
16:38 of 2nd period - Stopped by Thatcher Demko without a rebound.
16:39 of 2nd period - Phillip Danault wins face-off versus Kevin Fiala in BOSTON zone.
16:39 of 2nd period - Keith Yandle is hit by Ivan Provorov and loses puck.
16:42 of 2nd period - Shot by Keith Yandle.
16:42 of 2nd period - Shot Misses the Net.
16:44 of 2nd period - Shot by Tomas Tatar.
16:44 of 2nd period - Stopped by Thatcher Demko without a rebound.
16:45 of 2nd period - Reilly Smith wins face-off versus Alex Iafallo in BOSTON zone.
16:45 of 2nd period - Ivan Provorov is hit by Tomas Tatar.
16:57 of 2nd period - Shot by P.K. Subban.
16:57 of 2nd period - Shot Misses the Net.
16:59 of 2nd period - Shot by Phillip Danault.
16:59 of 2nd period - Goal by Phillip Danault - BOSTON : 0 - MONTREAL : 2.
17:00 of 2nd period - Ivan Barbashev wins face-off versus Nathan MacKinnon in neutral zone.
17:23 of 2nd period - Shot by Ilya Kovalchuk.
17:23 of 2nd period - Stopped by Robin Lehner without a rebound.
17:24 of 2nd period - Mark Jankowski wins face-off versus Casey Mittelstadt in MONTREAL zone.
17:47 of 2nd period - Shot by P.K. Subban.
17:47 of 2nd period - Stopped by Thatcher Demko with a rebound.
17:53 of 2nd period - Shot by Roope Hintz.
17:53 of 2nd period - Stopped by Thatcher Demko with a rebound.
18:38 of 2nd period - Shot by Max Pacioretty.
18:38 of 2nd period - Deflect By Nathan MacKinnon.
18:38 of 2nd period - Stopped by Thatcher Demko without a rebound.
18:39 of 2nd period - William Nylander wins face-off versus Phillip Danault in BOSTON zone.
18:47 of 2nd period - William Nylander is hit by Will Butcher and loses puck.
19:02 of 2nd period - Shot by Tomas Tatar.
19:02 of 2nd period - Stopped by Thatcher Demko without a rebound.
19:03 of 2nd period - Nathan MacKinnon wins face-off versus Ivan Barbashev in BOSTON zone.
19:12 of 2nd period - Shot by Vincent Trocheck.
19:12 of 2nd period - Shot Misses the Net.
19:28 of 2nd period - Shot by Vincent Trocheck.
19:28 of 2nd period - Stopped by Thatcher Demko with a rebound.
19:38 of 2nd period - Shot by Ilya Kovalchuk.
19:38 of 2nd period - Shot Misses the Net.
19:40 of 2nd period - Shot by Ivan Barbashev.
19:40 of 2nd period - Shot Blocked by Erik Gustafsson.
Goals for this period are 0 for BOSTON vs 2 for MONTREAL.
Shots for this period are 2 for BOSTON vs 18 for MONTREAL.

3rd period


0:01 of 3rd period - William Nylander wins face-off versus Tomas Tatar in neutral zone.
0:49 of 3rd period - Icing by P.K. Subban.
0:50 of 3rd period - Ivan Barbashev wins face-off versus Phillip Danault in MONTREAL zone.
1:07 of 3rd period - Shot by Nathan MacKinnon.
1:07 of 3rd period - Shot Misses the Net.
1:31 of 3rd period - Shot by Vincent Trocheck.
1:31 of 3rd period - Stopped by Thatcher Demko without a rebound.
1:32 of 3rd period - Mark Jankowski wins face-off versus Casey Mittelstadt in BOSTON zone.
2:12 of 3rd period - Andrew Mangiapane is hit by Nino Niederreiter and loses puck.
2:54 of 3rd period - Ivan Provorov is hit by Nathan MacKinnon.
3:50 of 3rd period - Shot by Blake Comeau.
3:50 of 3rd period - Stopped by Robin Lehner without a rebound.
3:51 of 3rd period - Casey Mittelstadt wins face-off versus Phillip Danault in MONTREAL zone.
4:10 of 3rd period - Nathan Beaulieu is hit by Andrew Mangiapane and loses puck.
6:23 of 3rd period - Icing by Miro Heiskanen.
6:24 of 3rd period - Phillip Danault wins face-off versus William Nylander in BOSTON zone.
6:39 of 3rd period - Icing by Kevin Fiala.
6:40 of 3rd period - Phillip Danault wins face-off versus William Nylander in BOSTON zone.
7:04 of 3rd period - Icing by Nathan Beaulieu.
7:05 of 3rd period - Phillip Danault wins face-off versus Blake Comeau in MONTREAL zone.
7:33 of 3rd period - Nathan MacKinnon is hit by Filip Hronek and loses puck.
7:48 of 3rd period - Ilya Kovalchuk is hit by Max Pacioretty and loses puck.
7:59 of 3rd period - Shot by Nathan MacKinnon.
7:59 of 3rd period - Deflect By Vincent Trocheck.
7:59 of 3rd period - Shot Misses the Net.
8:01 of 3rd period - Shot by Vincent Trocheck.
8:01 of 3rd period - Shot Misses the Net.
8:03 of 3rd period - Shot by Keith Yandle.
8:03 of 3rd period - Shot Misses the Net.
8:05 of 3rd period - Shot by P.K. Subban.
8:05 of 3rd period - Stopped by Thatcher Demko without a rebound.
8:06 of 3rd period - Miles Wood wins face-off versus Mark Jankowski in BOSTON zone.
8:06 of 3rd period - Miles Wood is hit by Nino Niederreiter.
8:12 of 3rd period - Shot by Juuso Valimaki.
8:12 of 3rd period - Stopped by Robin Lehner without a rebound.
8:13 of 3rd period - Mark Jankowski wins face-off versus Casey Mittelstadt in MONTREAL zone.
9:12 of 3rd period - Icing by Juuso Valimaki.
9:13 of 3rd period - Nathan MacKinnon wins face-off versus William Nylander in BOSTON zone.
9:13 of 3rd period - Nathan MacKinnon is hit by Philippe Myers.
9:31 of 3rd period - Shot by Vincent Trocheck.
9:31 of 3rd period - Shot Blocked by Philippe Myers.
9:33 of 3rd period - Shot by Max Pacioretty.
9:33 of 3rd period - Deflect By Nathan MacKinnon.
9:33 of 3rd period - Shot Misses the Net.
9:35 of 3rd period - Shot by Nathan Beaulieu.
9:35 of 3rd period - Shot Misses the Net.
9:45 of 3rd period - Shot by Max Pacioretty.
9:45 of 3rd period - Shot Blocked by Juuso Valimaki.
9:47 of 3rd period - Shot by Vincent Trocheck.
9:47 of 3rd period - Shot Misses the Net.
9:59 of 3rd period - Vincent Trocheck is hit by Reilly Smith and loses puck.
11:51 of 3rd period - Tony DeAngelo is hit by Miro Heiskanen and loses puck.
12:01 of 3rd period - Andrew Mangiapane is hit by Nathan Beaulieu and loses puck.
12:04 of 3rd period - Shot by Casey Mittelstadt.
12:04 of 3rd period - Stopped by Robin Lehner without a rebound.
12:05 of 3rd period - Max Pacioretty wins face-off versus Alexandre Texier in MONTREAL zone.
12:05 of 3rd period - Max Pacioretty is hit by Alexandre Texier.
13:35 of 3rd period - Phillip Danault is hit by William Nylander and loses puck.
14:18 of 3rd period - Shot by Erik Gustafsson.
14:18 of 3rd period - Stopped by Thatcher Demko without a rebound.
14:19 of 3rd period - Alexandre Texier wins face-off versus Joel Armia in BOSTON zone.
15:07 of 3rd period - Icing by P.K. Subban.
15:08 of 3rd period - Mark Jankowski wins face-off versus Casey Mittelstadt in MONTREAL zone.
15:34 of 3rd period - Shot by Casey Mittelstadt.
15:34 of 3rd period - Stopped by Robin Lehner with a rebound.
15:36 of 3rd period - Shot by Alec Martinez.
15:36 of 3rd period - Shot Misses the Net.
15:38 of 3rd period - Shot by Andrew Mangiapane.
15:38 of 3rd period - Stopped by Robin Lehner without a rebound.
15:39 of 3rd period - William Nylander wins face-off versus Phillip Danault in MONTREAL zone.
16:00 of 3rd period - Shot by William Nylander.
16:00 of 3rd period - Shot Misses the Net.
16:03 of 3rd period - Icing by Nathan Beaulieu.
16:04 of 3rd period - Ivan Barbashev wins face-off versus Phillip Danault in MONTREAL zone.
16:52 of 3rd period - Off-side.
16:53 of 3rd period - Roope Hintz wins face-off versus William Nylander in neutral zone.
17:24 of 3rd period - Kevin Fiala is hit by Tony DeAngelo and loses puck.
17:27 of 3rd period - Shot by Reilly Smith.
17:27 of 3rd period - Stopped by Robin Lehner without a rebound.
17:28 of 3rd period - Nathan MacKinnon wins face-off versus Casey Mittelstadt in MONTREAL zone.
17:38 of 3rd period - Nathan MacKinnon is hit by Juuso Valimaki and loses puck.
17:42 of 3rd period - Icing by Andrew Mangiapane.
17:43 of 3rd period - Phillip Danault wins face-off versus Miles Wood in BOSTON zone.
17:51 of 3rd period - Off-side.
17:52 of 3rd period - William Nylander wins face-off versus Nathan MacKinnon in neutral zone.
17:59 of 3rd period - Shot by Reilly Smith.
17:59 of 3rd period - Shot Misses the Net.
18:51 of 3rd period - Shot by Ivan Barbashev.
18:51 of 3rd period - Shot Misses the Net.
18:53 of 3rd period - Shot by Blake Comeau.
18:53 of 3rd period - Stopped by Robin Lehner without a rebound.
18:54 of 3rd period - Ivan Barbashev wins face-off versus Mark Jankowski in MONTREAL zone.
19:04 of 3rd period - Shot by Blake Comeau.
19:04 of 3rd period - Shot Blocked by Will Butcher.
19:06 of 3rd period - Shot by Ivan Barbashev.
19:06 of 3rd period - Shot Misses the Net.
19:08 of 3rd period - Shot by Philippe Myers.
19:08 of 3rd period - Shot Misses the Net.
19:46 of 3rd period - Icing by Alec Martinez.
19:47 of 3rd period - Max Pacioretty wins face-off versus Casey Mittelstadt in BOSTON zone.
Goals for this period are 0 for BOSTON vs 0 for MONTREAL.
Shots for this period are 7 for BOSTON vs 3 for MONTREAL.